 Dungeon Crawl Stone Soup version 0.21.0-3-g78d12a8 (webtiles) character file.

304 Sayani the Chopper (level 6, -3/47 HPs)
             Began as a Demonspawn Abyssal Knight on Jan 13, 2018.
             Was a Believer of Lugonu.
             Slain by Edmund
             ... wielding a +0 flail of draining
              (7 damage)
             ... on level 4 of the Dungeon.
             The game lasted 00:07:42 (3938 turns).

Sayani the Chopper (Demonspawn Abyssal Knight)      Turns: 3938, Time: 00:07:43

Health: -3/47      AC: 12    Str: 14    XL:     6   Next: 15%
Magic:  7/7        EV: 10    Int: 14    God:    Lugonu [**....]
Gold:   107        SH:  0    Dex: 12    Spells: 5/5 levels left

rFire    . . .     SeeInvis .   a - +1 hand axe
rCold    + . .     Gourm    .   (no shield)
rNeg     . . .     Faith    .   b - +0 leather armour
rPois    .         Spirit   .   (helmet restricted)
rElec    .         Reflect  .   n - scarf {cloud immunity}
rCorr    +         Harm     .   (no gloves)
MR       .....                  (no boots)
Stlth    +.........             x - amulet of rage
HPRegen  0.15/turn              t - ring of resist corrosion
MPRegen  0.10/turn              (no ring)

@: lethally poisoned (-3 -> -15), sanguine armour, drained
A: horns 1, cold resistance 1, sanguine armour 2
a: Depart the Abyss, Bend Space, Renounce Religion, Evoke Berserk Rage


You were on level 4 of the Dungeon.
You worshipped Lugonu.
Lugonu was pleased with you.
You were hungry.

You visited 1 branch of the dungeon, and saw 4 of its levels.
You visited the Abyss 1 time.

You collected 107 gold pieces.

Inventory:

Hand Weapons
 a - a +1 hand axe (weapon)
Missiles
 y - 7 tomahawks (quivered)
Armour
 b - a +0 leather armour (worn)
 n - a scarf of cloud immunity (worn)
Jewellery
 t - a ring of resist corrosion (left hand)
 x - an amulet of rage (around neck)
Wands
 j - a wand of random effects (21)
Scrolls
 e - 4 scrolls of remove curse {unknown}
 g - 2 scrolls of teleportation {unknown}
 l - 2 scrolls of identify {unknown}
 o - a scroll of immolation {unknown}
 p - a scroll of blinking {unknown}
 r - a scroll of noise {unknown}
 v - a scroll of amnesia {unknown}
Potions
 d - a potion of resistance {unknown}
 f - 3 potions of flight {unknown}
 h - a potion of haste {unknown}
 i - 4 potions of might {unknown}
 m - a potion of mutation {unknown}
 q - a potion of magic {unknown}
 s - a potion of brilliance {unknown}
 u - a potion of curing {unknown}
 w - a potion of degeneration {unknown}
Comestibles
 c - 8 rations


   Skills:
 + Level 3.6(2.6) Fighting
 + Level 5.3(4.2) Axes
 + Level 2.6(1.6) Armour
 - Level 0.8(0.0) Dodging
 - Level 2.4(1.4) Invocations


You had 5 spell levels left.
You didn't know any spells.

Dungeon Overview and Level Annotations

Branches:
Dungeon (4/15)
 Temple: D:4-7

Altars:

Annotations:
D:4 Edmund


Innate Abilities, Weirdness & Mutations

You have a pair of small horns on your head.
Your flesh is cold resistant. (rC+)
When seriously injured, your bleeding wounds create thick armour. (AC +9)


Message History

Lugonu accepts your kill.
You have reached level 6!
Your experience leads to an increase in your attributes!
Increase (S)trength, (I)ntelligence, or (D)exterity?
You feel stronger.
* * * LOW HITPOINT WARNING * * *
You feel sick. Edmund barely misses you.
You hit Edmund but do no damage.
Edmund is moderately wounded.
* * * LOW HITPOINT WARNING * * *
You feel sick.
Edmund hits you with a flail of draining.
* * * LOW HITPOINT WARNING * * *
You feel drained.
You hit Edmund but do no damage.
Edmund is moderately wounded.
* * * LOW HITPOINT WARNING * * *
You feel sick.
Edmund hits you with a flail of draining!
You die...

####### #.....#
##############.....#####
........................
##############......##.
.##### #......# .....#
######...# (....##
#...†@...# ....(..
#...@....# .......
#........# .......
#.......## ....#.
#.......# ###.#
#.......# .# #.......# #
#.......# #


You could see Edmund.

Vanquished Creatures
  A scorpion (D:4)
  A vampire bat (D:3)
  A howler monkey skeleton (D:4)
  4 adders
  2 oozes
  2 worms (D:2)
  3 fire bats (D:3)
  2 leopard geckos
  An orc (D:2)
  2 spectral bats (D:3)
  A ball python (D:1)
  A bat simulacrum (D:3)
  3 bat skeletons (D:3)
  A bat zombie (D:3)
  2 giant cockroaches
  11 goblins
  8 hobgoblins
  8 kobolds
  3 quokkas (D:2)
  17 bats
  4 frilled lizards
  9 rats
87 creatures vanquished.

Notes
Turn   | Place    | Note
-------+----------+-------------------------------------------
     0 | Abyss:1  | Sayani the Demonspawn Abyssal Knight began the quest for the Orb.
     0 | Abyss:1  | Reached XP level 1. HP: 18/18 MP: 2/2
     0 | Abyss:1  | Found a corrupted altar of Lugonu.
    22 | Abyss:2  | Noticed a hellephant
    36 | Abyss:3  | Noticed an alligator zombie
    65 | Abyss:3  | Noticed a large abomination
    65 | D:1      | Escaped the Abyss
    70 | D:1      | Reached skill level 2 in Axes
   408 | D:1      | Gained mutation: When seriously injured, your bleeding wounds create armour. (AC +9) [demonic ancestry]
   408 | D:1      | Reached XP level 2. HP: 22/24 MP: 3/3
   425 | D:1      | You fall through a shaft!
   604 | D:2      | Reached skill level 3 in Axes
   857 | D:1      | Reached * piety under Lugonu
  1003 | D:1      | Gained mutation: Your flesh is cold resistant. (rC+) [demonic ancestry]
  1003 | D:1      | Reached XP level 3. HP: 24/29 MP: 4/4
  2152 | D:2      | Reached skill level 4 in Axes
  2152 | D:2      | Gained mutation: You have a pair of small horns on your head. [demonic ancestry]
  2152 | D:2      | Reached XP level 4. HP: 30/35 MP: 5/5
  2176 | D:2      | Reached ** piety under Lugonu
  3220 | D:3      | Gained mutation: When seriously injured, your bleeding wounds create thick armour. (AC +9) [demonic ancestry]
  3220 | D:3      | Reached XP level 5. HP: 33/41 MP: 6/6
  3306 | D:3      | Reached skill level 5 in Axes
  3921 | D:4      | Noticed Edmund
  3936 | D:4      | Reached XP level 6. HP: 9/47 MP: 7/7
  3938 | D:4      | Slain by Edmund

Skill      XL: |  1  2  3  4  5 |
---------------+----------------+-----
Axes           | 2 3 4 5 |  5.3
Armour         | 2 |  2.6
Fighting       | |  3.6
Dodging        | |  0.8
Invocations    | |  2.4

Action                   |  1- 3 |  4- 6 || total
-------------------------+-------+-------++-------
Melee: Hand axe          |   160 |   143 ||   303
       Headbutt          |       |    27 ||    27
Throw: Stone             |    14 |     4 ||    18
Invok: Depart the Abyss  |     1 |       ||     1
 Stab: Sleeping          |     1 |       ||     1
  Eat: Chunk             |     4 |     5 ||     9
Armor: Leather armour    |    46 |    71 ||   117
Dodge: Dodged            |   106 |   115 ||   221
